 Dungeon Crawl Stone Soup version 0.21.0 (webtiles) character file.

67 tidbits the Changer (level 4, -1/32 HPs)
             Began as a Barachi Transmuter on Jan 6, 2018.
             Splashed by a jelly's acid (10 damage)
             ... on level 3 of the Dungeon.
             The game lasted 00:06:04 (882 turns).

tidbits the Changer (Barachi Transmuter)             Turns: 882, Time: 00:06:05

Health: -1/32      AC: -2    Str:  9    XL:     4   Next: 16%
Magic:  3/7        EV: 12    Int: 15    God:
Gold:   72         SH:  0    Dex: 14    Spells: 1/7 levels left

rFire    + . .     SeeInvis .     - Unarmed
rCold    . . .     Gourm    .   (no shield)
rNeg     . . .     Faith    .   b - +0 robe
rPois    .         Spirit   .   (no helmet)
rElec    .         Reflect  .   (no cloak)
rCorr    .         Harm     .   (no gloves)
MR       .....                  (no boots)
Stlth    ++........             (no amulet)
HPRegen  0.10/turn              (no ring)
MPRegen  0.10/turn              (no ring)

@: corroded, slow
A: +LOS, swims, agile 1, fire resistance 1, slowness 1, weak 1, strong legs 1
a: Hop


You were on level 3 of the Dungeon.
You were not hungry.

You visited 1 branch of the dungeon, and saw 3 of its levels.

You collected 72 gold pieces.

Inventory:

Missiles
 a - 11 arrows
Armour
 b - a +0 robe (worn)
 g - a +0 ring mail
Scrolls
 f - a scroll of teleportation {unknown}
 h - a scroll of remove curse {unknown}
Books
 c - a book of Changes

   Spells                             Type                      Level
   a - Beastly Appendage              Transmutation                1
   b - Sticks to Snakes               Transmutation                2
   c - Spider Form                    Transmutation/Poison         3
   d - Ice Form                       Ice/Transmutation            4
   e - Blade Hands                    Transmutation                5
Comestibles
 d - 5 rations


   Skills:
 - Level 1.2 Fighting
 - Level 2.1 Dodging
 - Level 2.0 Stealth
 - Level 3.2 Unarmed Combat
 - Level 2.2 Spellcasting
 + Level 3.9 Transmutations


You had one spell level left.
You knew the following spells:

 Your Spells              Type           Power        Failure   Level  Hunger
e - Beastly Appendage     Tmut           ##....       4%          1    #......
k - Sticks to Snakes      Tmut           ##......     6%          2    ###....
p - Spider Form           Tmut/Pois      #.........   28%         3    ###....


Dungeon Overview and Level Annotations

Branches:
Dungeon (3/15)

Altars:

Annotations:
D:3 Ijyb


Innate Abilities, Weirdness & Mutations

Shadows flee at your approach. (+LOS)
You can swim through water.
You cover ground slowly.
You can hop short distances.
You are agile. (Dex +2)
Your flesh is heat resistant. (rF+)
You are weak. (Str -2)


Message History

a whip; a frilled lizard corpse You open the door.
Your magical contamination has completely faded away.
There is an open door here.
HP restored.
A rat comes into view.
The rat bites you but does no damage.
You hit the rat.
The rat is heavily wounded.
The rat bites you.
You closely miss the rat.
The rat is heavily wounded.
You are feeling hungry.
The rat barely misses you.
You hit the rat.
You kill the rat!
You see here a rat corpse.
You butcher the rat corpse.
You see here a chunk of flesh.
Eat a chunk of flesh? (ye/n/q)
You eat the chunk of flesh.
This raw flesh tastes terrible.
Found a ration.
Found a robe.
An adder comes into view.
You see here a ration.
d - 5 rations (gained 1)
Casting: Spider Form
Confirm with . or Enter, or press ? or * to list all spells.
You turn into a venomous arachnid creature.
Your +0 robe melds into your body.
Your transformation is almost over.
A jelly and Ijyb come into view.
The jelly quivers.
The adder misses you. The adder bites you.
You barely miss the adder. The adder bites you.
You barely miss the adder. The adder misses you. The adder barely misses you.
You hit the adder.
The adder is heavily wounded.
The adder completely misses you.
You hit the adder.
The adder is severely wounded.
The adder completely misses you.
You hit the adder but do no damage.
The adder is poisoned.
The adder is severely wounded.
The adder barely misses you.
You closely miss the adder.
The adder is severely wounded.
The adder bites you. The adder closely misses you.
You closely miss the adder.
The adder is severely wounded.
The adder bites you but does no damage.
You bite the adder!
You kill the adder!
Your transformation has ended.
Your +0 robe unmelds from your body.
Casting: Spider Form
Confirm with . or Enter, or press ? or * to list all spells.
You create a snake!
You now have 11 arrows.
The jelly barely misses you. The jelly hits your ball python.
Your ball python is splashed with acid.
Your ball python dies!
You aren't carrying any items that you can evoke.
Unknown command.
You aren't carrying any potions.
Unknown command.
Throwing (i - inventory):
e - 5 tomahawks (quivered)
Press: ? - help, Shift-Dir - straight line, f - jelly
Aim: a jelly You throw a tomahawk.
The tomahawk barely misses the jelly.
The jelly barely misses you.
Throwing (i - inventory):
e - 4 tomahawks (quivered)
Press: ? - help, Shift-Dir - straight line, f/p - jelly
Aim: a jelly You throw a tomahawk.
The tomahawk hits the jelly.
The jelly is moderately wounded.
The jelly barely misses you.
Throwing (i - inventory):
e - 3 tomahawks (quivered)
Press: ? - help, Shift-Dir - straight line, f/p - jelly
Aim: a jelly (moderately wounded)
You throw a tomahawk.
The tomahawk hits the jelly but does no damage.
The jelly is moderately wounded.
The jelly barely misses you.
Throwing (i - inventory):
e - 2 tomahawks (quivered)
Press: ? - help, Shift-Dir - straight line, f/p - jelly
Aim: a jelly (moderately wounded)
You throw a tomahawk. The tomahawk hits the jelly.
The jelly is heavily wounded.
The jelly hits you. The acid corrodes you!
You are splashed with acid!
The acid burns!
The jelly hits you.
You are splashed with acid!
The acid burns!
* * * LOW HITPOINT WARNING * * *
Throwing (i - inventory):
e - a tomahawk (quivered)
Press: ? - help, Shift-Dir - straight line, f/p - jelly
Aim: a jelly (heavily wounded)
You throw a tomahawk.
The tomahawk hits the jelly but does no damage.
The jelly is heavily wounded.
The jelly hits you.
* * * LOW HITPOINT WARNING * * *
You are splashed with acid!
The acid burns!
You die...

......###.# #.
......# #.# #.#
######### ......#
#.# .. #.......#
......# #.# #.##
#.......# ......#
#.# ..# #.......#
......# #.#
#.###.......#
......#
#.#####..##.......#
......#
#........##.......#
#######.@.#.......#
#.#J#....[..#
#.#.(#......#
#....#..J...#
####.#......#
#.##.###.# #.# g.
.. #.# ... . #..
...


You could see a jelly.

Vanquished Creatures
  A gnoll (D:3)
  An adder (D:3)
  2 dart slugs (D:1)
  2 leopard geckos (D:1)
  A ball python (D:1)
  5 bats
  A giant cockroach (D:2)
  6 goblins
  5 hobgoblins
  3 jackals (D:1)
  6 frilled lizards
  3 kobolds (D:1)
  5 rats
41 creatures vanquished.

Notes
Turn   | Place    | Note
-------+----------+-------------------------------------------
     0 | D:1      | tidbits the Barachi Transmuter began the quest for the Orb.
     0 | D:1      | Reached XP level 1. HP: 15/15 MP: 3/3
    56 | D:1      | Reached skill level 1 in Stealth
   142 | D:2      | Reached XP level 2. HP: 19/21 MP: 3/5
   146 | D:2      | Learned a level 2 spell: Sticks to Snakes
   198 | D:2      | Reached skill level 2 in Stealth
   471 | D:1      | Reached XP level 3. HP: 18/26 MP: 4/6
   476 | D:1      | Learned a level 3 spell: Spider Form
   546 | D:1      | Reached skill level 3 in Transmutations
   588 | D:1      | Gained mutation: You are agile. (Dex +2) [potion of mutation]
   588 | D:1      | Gained mutation: You are weak. (Str -2) [potion of mutation]
   588 | D:1      | Gained mutation: Your flesh is heat resistant. (rF+) [potion of mutation]
   829 | D:3      | Reached XP level 4. HP: 30/32 MP: 2/7
   865 | D:3      | Noticed Ijyb
   882 | D:3      | Splashed by a jelly's acid

Skill      XL: |  1  2  3 |
---------------+----------+-----
Stealth        | 1 2 |  2.0
Transmutations | 3 |  3.9
Fighting       | |  1.2
Dodging        | |  2.1
Unarmed Combat | |  3.2
Spellcasting   | |  2.2

Action                   |  1- 3 |  4- 6 || total
-------------------------+-------+-------++-------
Melee: Unarmed           |   111 |    11 ||   122
       Kick              |     8 |       ||     8
       Headbutt          |     4 |       ||     4
       Punch             |     1 |       ||     1
Throw: Tomahawk          |       |     5 ||     5
 Cast: Beastly Appendage |    19 |       ||    19
       Spider Form       |     3 |     1 ||     4
       Sticks to Snakes  |       |     1 ||     1
  Use: Potion            |     1 |       ||     1
 Stab: Sleeping          |     2 |       ||     2
  Eat: Chunk             |     1 |     1 ||     2
Armor: Robe              |    16 |     1 ||    17
       Skin              |       |     1 ||     1
Dodge: Dodged            |    78 |    12 ||    90

Table legend:
 A = Turns spent in this place as a percentage of turns spent in the entire game.
 B = Non-inter-level travel turns spent in this place as a percentage of non-inter-level travel turns spent in the entire game.
 C = Inter-level travel turns spent in this place as a percentage of turns spent in this place.
 D = Turns resting spent in this place as a percentage of non-inter-level travel turns spent in this place.
 E = Turns spent auto-exploring this place as a percentage of non-inter-level travel turns spent in this place.
 F = Non-inter-level travel turns spent in this place divided by the number of levels of this place that you've seen.
                   A       B       C       D       E      F
               +-------+-------+-------+-------+-------+----------------------
         Total | 100.0 | 100.0 |   6.6 |   0.0 |   0.0 | 274.7
       Dungeon | 100.0 | 100.0 |   6.6 |   0.0 |   0.0 | 274.7
               +-------+-------+-------+-------+-------+----------------------

Table legend:
 A = Kills in this place as a percentage of kills in entire the game.
 B = Kills by you in this place as a percentage of kills by you in the entire game.
 C = Kills by friends in this place as a percentage of kills by friends in the entire game.
 D = Other kills in this place as a percentage of other kills in the entire game.
 E = Experience gained in this place as a percentage of experience gained in the entire game.
 F = Experience gained in this place divided by the number of levels of this place that you have seen.
                   A       B       C       D       E      F
               +-------+-------+-------+-------+-------+----------------------
         Total | 100.0 | 100.0 |   N/A |   N/A | 100.0 |  32.0
       Dungeon | 100.0 | 100.0 |   N/A |   N/A | 100.0 |  32.0
               +-------+-------+-------+-------+-------+----------------------

Vault maps used:
D:1:      eino_arrival_water_cross
D:2:      first_ration
D:3:      nicolae_overflow_hidden_temple, uniq_ijyb
